WCHLSIM.com - West Coast Hockey League
Dernière mise à jour: 2024-04-24 21:11:05
html PUBLIC "-//W3C//DTD XHTML 1.0 Transitional//EN" "http://www.w3.org/TR/xhtml1/DTD/xhtml1-transitional.dtd"> WCHL - Game 143 - UTAH ICE BEARS vs NORTH DAKOTA HAWKS

UTAH ICE BEARS vs NORTH DAKOTA HAWKS

Created - 23 octobre 2019 at 18:58

Goals
1 2 3 T
UTAH ICE BEARS 0 1 0 1
NORTH DAKOTA HAWKS 2 0 1 3
Shots
1 2 3 T
UTAH ICE BEARS 5 15 10 30
NORTH DAKOTA HAWKS 12 12 12 36

1st period

1. NORTH DAKOTA HAWKS , Brendan Gallagher 3 (Marc Staal 2, Nic Dowd 1) at 7:18
2. NORTH DAKOTA HAWKS , Dougie Hamilton 2 (Zack Kassian 1, Lukas Radil 1) at 18:55

Penalties :
Brenden Dillon (NDH) for Holding (Minor) at 0:07, Zach Hyman (UTA) for Tripping (Minor) at 0:07, Kenny Agostino (NDH) for Hooking (Minor) at 5:47, Andrew Mangiapane (UTA) for Hooking (Minor) at 5:47, Alex Galchenyuk (UTA) for High sticking (Minor) at 13:46, Kenny Agostino (NDH) for Hooking (Minor) at 19:13

2nd period

3. UTAH ICE BEARS , Dustin Byfuglien 1 (Zach Hyman 5) at 14:47

Penalties :
Zack Kassian (NDH) for Hooking (Minor) at 1:43, Quinton Hughes (NDH) for Interference (Minor) at 7:05, Brenden Dillon (NDH) for Interference (Minor) at 18:17

3rd period

4. NORTH DAKOTA HAWKS , Logan Brown 2 (Matthew Nieto 4, Josh Brown 1) at 10:38

Penalties :
Dustin Byfuglien (UTA) for Hooking (Minor) at 0:30, Dougie Hamilton (NDH) for Holding (Minor) at 15:11

Goalie Stats

Ben Bishop (UTA), 33 saves from 36 shots - (0,917), L, 2-8-0, 60:00 minutes
Eric Comrie (NDH), 29 saves from 30 shots - (0,967), W, 1-1-1, 60:00 minutes

Players Stats for UTAH ICE BEARS

Player Name              G  A  P  +/- PIM S  H  SB GA TA FO     MP     PP MP  PK MP  
------------------------------------------------------------------------------------
Adam Mascherin           0  0  0   0  0   0  0  0  0  0  0/0     6:10   0:00   0:00 
Alex Galchenyuk          0  0  0   0  2   2  3  0  0  0  8/26   20:59   5:45   0:00 
Andrew Mangiapane        0  0  0   0  2   0  0  0  0  0  0/0     7:38   0:00   1:29 
Artem Anisimov           0  0  0  -1  0   0  1  0  0  0  21/39  19:58   4:10   2:29 
Brandon Pirri            0  0  0   1  0   1  0  0  0  0  1/1    18:39   3:37   1:29 
Casey Mittelstadt        0  0  0  -1  0   1  1  0  0  0  3/8    12:22   0:33   0:00 
Dominic Toninato         0  0  0  -1  0   0  4  0  0  0  0/0    11:49   0:00   0:00 
Dustin Byfuglien         1  0  1   1  2   4  5  0  0  0  0/0    23:32   5:49   0:00 
Jack Johnson             0  0  0  -2  0   0  3  2  0  0  0/0    18:47   0:43   2:00 
Jake Guentzel            0  0  0  -1  0   10 1  0  0  0  1/6    23:04   5:45   0:00 
Kevin Shattenkirk        0  0  0   0  0   0  4  0  0  0  0/0    20:55   3:33   0:00 
MacKenzie Weegar         0  0  0  -1  0   0  2  0  0  0  0/0    14:19   0:00   2:00 
Mats Zuccarello          0  0  0  -2  0   6  0  0  0  0  1/2    18:42   5:45   0:00 
Rudolfs Balcers          0  0  0  -1  0   1  0  0  0  0  0/0    11:49   0:00   0:00 
T.J. Brodie              0  0  0  -1  0   2  0  1  0  0  0/0    24:03   5:39   1:58 
Tim Heed                 0  0  0   0  0   0  0  0  0  0  0/0     0:00   0:00   0:00 
Troy Stecher             0  0  0  -1  0   0  1  1  0  0  0/0    18:23   4:06   1:58 
Zach Hyman               0  1  1   1  2   3  2  0  0  0  1/2    20:51   4:10   2:29 

Players Stats for NORTH DAKOTA HAWKS

Player Name              G  A  P  +/- PIM S  H  SB GA TA FO     MP     PP MP  PK MP  
------------------------------------------------------------------------------------
Brendan Gallagher        1  0  1   0  0   8  0  0  0  0  0/0    16:54   1:57   0:00 
Brenden Dillon           0  0  0  -1  4   0  1  0  0  0  0/0    19:20   1:50   2:46 
Corey Perry              0  0  0   1  0   3  0  0  0  0  1/2    12:44   2:01   0:00 
Derek Grant              0  0  0  -1  0   0  1  1  0  0  19/27  17:26   0:00   5:12 
Dougie Hamilton          1  0  1   2  2   2  1  1  0  0  0/0    23:54   2:08   4:29 
Johnny Boychuk           0  0  0  -1  0   0  0  2  0  0  0/0    20:28   0:00   4:59 
Josh Brown               0  1  1   1  0   1  5  1  0  0  0/0    14:49   0:00   0:46 
Kenny Agostino           0  0  0  -1  4   2  1  0  0  0  2/2    15:20   1:57   1:11 
Logan Brown              1  0  1   1  0   3  4  0  0  0  4/15   14:19   2:01   0:00 
Lukas Radil              0  1  1   1  0   3  0  1  0  0  0/0    12:49   0:00   3:16 
Marc Staal               0  1  1   2  0   1  0  2  0  0  0/0    22:42   0:00   5:24 
Matthew Nieto            0  1  1   1  0   3  0  1  0  0  0/1    17:27   2:01   0:06 
Michael Raffl            0  0  0   0  0   1  1  0  0  0  0/0    11:32   0:00   1:53 
Nic Dowd                 0  1  1   1  0   3  1  1  0  0  15/24  17:15   1:57   3:16 
Phil Varone              0  0  0   1  0   0  0  0  0  0  5/11    9:33   0:00   0:00 
Quinton Hughes           0  0  0   1  2   0  1  1  0  0  0/0    16:35   1:50   1:26 
Ryan Carpenter           0  0  0   0  0   3  0  0  0  0  2/2    11:13   0:00   4:56 
Zack Kassian             0  1  1   1  2   3  1  0  0  0  0/0    11:40   2:08   0:00 

3 Stars

1 - Eric Comrie (NDH)
2 - Logan Brown (NDH)
3 - Josh Brown (NDH)

Power Play

UTAH ICE BEARS - 0 on 5 Attempt(s) - 0,00%
NORTH DAKOTA HAWKS - 0 on 2 Attempt(s) - 0,00%

Penalty Kill

UTAH ICE BEARS - 2 on 2 Attempt(s) - 100,00% - Score 0 goal in Penalty Kill
NORTH DAKOTA HAWKS - 5 on 5 Attempt(s) - 100,00% - Score 0 goal in Penalty Kill

Team Stat

UTAH ICE BEARS - Hits : 27 - Faceoff Wins : 36 - Blocked Shots : 4 - Penalty Minutes : 8
NORTH DAKOTA HAWKS - Hits : 17 - Faceoff Wins : 48 - Blocked Shots : 11 - Penalty Minutes : 14

Official

Referees : Ben Moser and Darcy Burchell
Linesman : Jack Millea and Nikolaus Diehr

Game Notes

Ryan Carpenter is injured at 3:28 of 3rd period (Bruised Right Shoulder)

Finance

Level 1 -- Attendance: 5881 (98,02%) -- Ticket Income 576 338 $
Level 2 -- Attendance: 5000 (100,00%) -- Ticket Income 275 000 $
Level 3 -- Attendance: 2000 (100,00%) -- Ticket Income 80 000 $
Level 4 -- Attendance: 4000 (100,00%) -- Ticket Income 100 000 $
Luxury Box -- Attendance: 949 (94,90%) -- Ticket Income 189 800 $
Total Attendance: 17830 (99,06%)
Total Ticket Income: 1 221 138 $
Other Income: 366 341 $
Total Income: 1 587 479 $

UTAH ICE BEARS

5 vs 5 Forward 
   Center                   Left Wing                Right Wing               Time % Phy DF OF 
 1 Artem Anisimov           Jake Guentzel            Mats Zuccarello          32     1   1  3  
 2 Alex Galchenyuk          Zach Hyman               Brandon Pirri            30     1   1  3  
 3 Casey Mittelstadt        Rudolfs Balcers          Dominic Toninato         21     1   3  1  
 4 Jake Guentzel            Andrew Mangiapane        Adam Mascherin           17     1   4  0  

5 vs 5 Defense 
   Defense                  Defense                                           Time % Phy DF OF 
 1 Kevin Shattenkirk        Dustin Byfuglien                                  35     1   2  2  
 2 T.J. Brodie              Jack Johnson                                      33     1   2  2  
 3 Troy Stecher             MacKenzie Weegar                                  29     2   2  1  
 4 T.J. Brodie              Kevin Shattenkirk                                 3      1   2  2  

PowerPlay Forward 
   Center                   Left Wing                Right Wing               Time % Phy DF OF 
 1 Alex Galchenyuk          Jake Guentzel            Mats Zuccarello          55     1   0  4  
 2 Artem Anisimov           Brandon Pirri            Zach Hyman               45     1   0  4  

PowerPlay Defense
   Defense                  Defense                                           Time % Phy DF OF 
 1 Dustin Byfuglien         T.J. Brodie                                       53     0   1  4  
 2 Kevin Shattenkirk        Troy Stecher                                      47     0   1  4  

Penalty Kill 4 Players Forward 
   Center                   Wing                     Time % Phy DF OF 
 1 Artem Anisimov           Zach Hyman               55     0   5  0  
 2 Brandon Pirri            Andrew Mangiapane        45     0   5  0  

Penalty Kill 4 Players Defense
   Defense                  Defense                  Time % Phy DF OF 
 1 Jack Johnson             MacKenzie Weegar         55     0   5  0  
 2 Troy Stecher             T.J. Brodie              45     0   5  0  

Penalty Kill - 3 Players Forward 
   Forward                                           Time % Phy DF OF 
 1 Zach Hyman                                        55     0   5  0  
 2 Brandon Pirri                                     45     0   5  0  

Penalty Kill - 3 Players Defense
   Defense                  Defense                  Time % Phy DF OF 
 1 MacKenzie Weegar         Jack Johnson             55     0   5  0  
 2 Kevin Shattenkirk        T.J. Brodie              45     0   5  0  

4 vs 4 Forward 
   Center                   Wing                     Time % Phy DF OF 
 1 Alex Galchenyuk          Mats Zuccarello          50     0   2  3  
 2 Artem Anisimov           Zach Hyman               50     0   2  3  

4 vs 4 Defense
   Defense                  Defense                  Time % Phy DF OF 
 1 Kevin Shattenkirk        Jack Johnson             55     0   2  3  
 2 T.J. Brodie              Dustin Byfuglien         45     0   3  2  

Last Minutes Offensive
   Center                   Left Wing                Right Wing               Defense                  Defense                  
   Alex Galchenyuk          Jake Guentzel            MacKenzie Weegar         Dustin Byfuglien         T.J. Brodie              

Last Minutes Defensive
   Center                   Left Wing                Right Wing               Defense                  Defense                  
   Artem Anisimov           Andrew Mangiapane        Zach Hyman               Dustin Byfuglien         T.J. Brodie              

Goaltenders
Starting : Ben Bishop               
Backup : Connor Ingram            

Extra Forwards
Normal : Zach Hyman, Artem Anisimov, Alex Galchenyuk - PP : Artem Anisimov, Casey Mittelstadt - PK : Rudolfs Balcers
Extra Defensemen
Normal : T.J. Brodie, Kevin Shattenkirk, Jack Johnson - PP : Troy Stecher - PK : Troy Stecher, T.J. Brodie
Penalty Shots
Jake Guentzel, Mats Zuccarello, Alex Galchenyuk, Brandon Pirri, Zach Hyman
Custom OT Lines Forwards
Alex Galchenyuk, Jake Guentzel, Artem Anisimov, Mats Zuccarello, Zach Hyman, Brandon Pirri, Dominic Toninato, Casey Mittelstadt, Rudolfs Balcers, Andrew Mangiapane
Custom OT Lines Defensemen
Dustin Byfuglien, T.J. Brodie, Kevin Shattenkirk, Jack Johnson, Troy Stecher

Scratches
Blake Lizotte (Right Knee Injury), Daniel Audette (Healthy), Evan Polei (Healthy), Giorgio Estephan (Healthy), Jakob Stukel (Healthy)
Justin Auger (Healthy), Mason Mitchell (Healthy), Brock Nelson (Healthy), Nicholas Paul (Healthy)

NORTH DAKOTA HAWKS

5 vs 5 Forward 
   Center                   Left Wing                Right Wing               Time % Phy DF OF 
 1 Derek Grant              Kenny Agostino           Brendan Gallagher        30     1   2  2  
 2 Logan Brown              Matthew Nieto            Corey Perry              27     1   2  2  
 3 Nic Dowd                 Michael Raffl            Ryan Carpenter           22     1   2  2  
 4 Phil Varone              Lukas Radil              Zack Kassian             21     0   4  1  

5 vs 5 Defense 
   Defense                  Defense                                           Time % Phy DF OF 
 1 Marc Staal               Dougie Hamilton                                   36     1   2  2  
 2 Brenden Dillon           Johnny Boychuk                                    33     1   2  2  
 3 Quinton Hughes           Josh Brown                                        20     1   2  2  
 4 Quinton Hughes           Josh Brown                                        11     1   2  2  

PowerPlay Forward 
   Center                   Left Wing                Right Wing               Time % Phy DF OF 
 1 Nic Dowd                 Kenny Agostino           Brendan Gallagher        65     1   2  2  
 2 Logan Brown              Matthew Nieto            Corey Perry              35     1   2  2  

PowerPlay Defense
   Defense                  Defense                                           Time % Phy DF OF 
 1 Dougie Hamilton          Zack Kassian                                      65     1   2  2  
 2 Brenden Dillon           Quinton Hughes                                    35     1   2  2  

Penalty Kill 4 Players Forward 
   Center                   Wing                     Time % Phy DF OF 
 1 Derek Grant              Ryan Carpenter           55     1   2  2  
 2 Nic Dowd                 Lukas Radil              45     1   2  2  

Penalty Kill 4 Players Defense
   Defense                  Defense                  Time % Phy DF OF 
 1 Marc Staal               Dougie Hamilton          55     1   2  2  
 2 Brenden Dillon           Johnny Boychuk           45     1   2  2  

Penalty Kill - 3 Players Forward 
   Forward                                           Time % Phy DF OF 
 1 Derek Grant                                       55     1   2  2  
 2 Nic Dowd                                          45     1   2  2  

Penalty Kill - 3 Players Defense
   Defense                  Defense                  Time % Phy DF OF 
 1 Marc Staal               Dougie Hamilton          55     1   2  2  
 2 Brenden Dillon           Johnny Boychuk           45     1   2  2  

4 vs 4 Forward 
   Center                   Wing                     Time % Phy DF OF 
 1 Nic Dowd                 Brendan Gallagher        55     1   2  2  
 2 Logan Brown              Matthew Nieto            45     1   2  2  

4 vs 4 Defense
   Defense                  Defense                  Time % Phy DF OF 
 1 Marc Staal               Dougie Hamilton          55     1   2  2  
 2 Brenden Dillon           Johnny Boychuk           45     1   2  2  

Last Minutes Offensive
   Center                   Left Wing                Right Wing               Defense                  Defense                  
   Nic Dowd                 Ryan Carpenter           Brendan Gallagher        Quinton Hughes           Dougie Hamilton          

Last Minutes Defensive
   Center                   Left Wing                Right Wing               Defense                  Defense                  
   Derek Grant              Matthew Nieto            Ryan Carpenter           Marc Staal               Dougie Hamilton          

Goaltenders
Starting : Eric Comrie              
Backup : Michael Dipietro         

Extra Forwards
Normal : Ryan Carpenter, Michael Raffl, Matthew Nieto - PP : Michael Raffl, Lukas Radil - PK : Michael Raffl
Extra Defensemen
Normal : Johnny Boychuk, Josh Brown, Quinton Hughes - PP : Johnny Boychuk - PK : Josh Brown, Quinton Hughes
Penalty Shots
Brendan Gallagher, Ryan Carpenter, Corey Perry, Michael Raffl, Nic Dowd
Custom OT Lines Forwards
Brendan Gallagher, Ryan Carpenter, Nic Dowd, Michael Raffl, Derek Grant, Zack Kassian, Corey Perry, Kenny Agostino, Logan Brown, Phil Varone
Custom OT Lines Defensemen
Dougie Hamilton, Quinton Hughes, Brenden Dillon, Johnny Boychuk, Marc Staal

Scratches
Alexandre Fortin (Healthy), Dominik Masin (Healthy), Jack Dougherty (Healthy), Brandon Sutter (Back Spasms Injury), Brendan Leipsic (Sore Right Knee Injury)
Marc Methot (Healthy), Jalen Smereck (Healthy), Jordan Murray (Healthy), Martin Marincin (Healthy), Phillip DiGiuseppe (Healthy)
Tim Clifton (Healthy), Scott Darling (Right Knee Injury), Scott Wedgewood (Healthy)

% Time on Ice - UTAH ICE BEARS

Lines # - Real PCT - Wanted PCT - Time Play
Normal Forward
1 - 26% - 32% - 11:09
2 - 31% - 30% - 13:01
3 - 28% - 21% - 11:49
4 - 15% - 17% - 6:10
Normal Defense
1 - 37% - 35% - 15:34
2 - 34% - 33% - 14:16
3 - 29% - 29% - 12:19
4 - 0% - 3% - 0:00
PP Forward
1 - 58% - 55% - 5:45
2 - 42% - 45% - 4:10
PP Defense
1 - 59% - 53% - 5:49
2 - 41% - 47% - 4:06
PK Forward
1 - 63% - 55% - 2:29
2 - 37% - 45% - 1:29
PK Defense
1 - 50% - 55% - 2:00
2 - 50% - 45% - 1:58
PK3 Forward
1 - 0% - 55%
2 - 0% - 45%
PK3 Defense
1 - 0% - 55%
2 - 0% - 45%
44 Forward
1 - 45% - 50% - 1:48
2 - 55% - 50% - 2:10
44 Defense
1 - 45% - 55% - 1:48
2 - 55% - 45% - 2:10
Last Minute Offensive  - 0:00
Last Minute Defensive  - 0:00
Total
Forward - 60:00
Defense - 60:00

% Time on Ice - NORTH DAKOTA HAWKS

Lines # - Real PCT - Wanted PCT - Time Play
Normal Forward
1 - 29% - 30% - 12:14
2 - 25% - 27% - 10:43
3 - 23% - 22% - 9:39
4 - 23% - 21% - 9:33
Normal Defense
1 - 36% - 36% - 15:23
2 - 32% - 33% - 13:26
3 - 22% - 20% - 9:13
4 - 10% - 11% - 4:07
PP Forward
1 - 49% - 65% - 1:57
2 - 51% - 35% - 2:01
PP Defense
1 - 54% - 65% - 2:08
2 - 46% - 35% - 1:50
PK Forward
1 - 67% - 55% - 6:39
2 - 33% - 45% - 3:16
PK Defense
1 - 63% - 55% - 6:12
2 - 37% - 45% - 3:43
PK3 Forward
1 - 0% - 55%
2 - 0% - 45%
PK3 Defense
1 - 0% - 55%
2 - 0% - 45%
44 Forward
1 - 60% - 55% - 2:23
2 - 40% - 45% - 1:35
44 Defense
1 - 48% - 55% - 1:55
2 - 52% - 45% - 2:03
Last Minute Offensive  - 0:00
Last Minute Defensive  - 0:00
Total
Forward - 60:00
Defense - 60:00

Play-by-Play

1st period


0:01 of 1st period - Artem Anisimov wins face-off versus Derek Grant in neutral zone.
0:03 of 1st period - Off-side.
0:04 of 1st period - Alex Galchenyuk wins face-off versus Logan Brown in neutral zone.
0:04 of 1st period - Alex Galchenyuk is hit by Logan Brown.
0:07 of 1st period - Minor Penalty to Brenden Dillon for Holding.
0:07 of 1st period - Minor Penalty to Zach Hyman for Tripping.
0:08 of 1st period - Mats Zuccarello wins face-off versus Nic Dowd in NORTH DAKOTA HAWKS zone.
0:26 of 1st period - Shot by Nic Dowd.
0:26 of 1st period - Shot Misses the Net.
0:36 of 1st period - Shot by Alex Galchenyuk.
0:36 of 1st period - Stopped by Eric Comrie without a rebound.
0:37 of 1st period - Artem Anisimov wins face-off versus Logan Brown in NORTH DAKOTA HAWKS zone.
1:22 of 1st period - Icing by T.J. Brodie.
1:23 of 1st period - Nic Dowd wins face-off versus Artem Anisimov in UTAH ICE BEARS zone.
1:24 of 1st period - Shot by Brendan Gallagher.
1:24 of 1st period - Shot Misses the Net.
2:08 of 1st period - Shot by Mats Zuccarello.
2:08 of 1st period - Stopped by Eric Comrie without a rebound.
2:09 of 1st period - Casey Mittelstadt wins face-off versus Phil Varone in NORTH DAKOTA HAWKS zone.
2:40 of 1st period - Shot by Zack Kassian.
2:40 of 1st period - Stopped by Ben Bishop without a rebound.
2:41 of 1st period - Artem Anisimov wins face-off versus Logan Brown in UTAH ICE BEARS zone.
3:04 of 1st period - Matthew Nieto is hit by Jake Guentzel and loses puck.
3:53 of 1st period - Icing by Logan Brown.
3:54 of 1st period - Logan Brown wins face-off versus Casey Mittelstadt in NORTH DAKOTA HAWKS zone.
3:54 of 1st period - Logan Brown is hit by Casey Mittelstadt.
4:10 of 1st period - Brendan Gallagher is hit by Troy Stecher and loses puck.
4:16 of 1st period - Off-side.
4:17 of 1st period - Nic Dowd wins face-off versus Alex Galchenyuk in neutral zone.
5:02 of 1st period - Icing by T.J. Brodie.
5:03 of 1st period - Derek Grant wins face-off versus Alex Galchenyuk in UTAH ICE BEARS zone.
5:04 of 1st period - Shot by Brendan Gallagher.
5:04 of 1st period - Stopped by Ben Bishop without a rebound.
5:05 of 1st period - Kenny Agostino wins face-off versus Jake Guentzel in UTAH ICE BEARS zone.
5:05 of 1st period - Kenny Agostino is hit by Kevin Shattenkirk.
5:47 of 1st period - Minor Penalty to Kenny Agostino for Hooking.
5:47 of 1st period - Minor Penalty to Andrew Mangiapane for Hooking.
5:48 of 1st period - Artem Anisimov wins face-off versus Logan Brown in neutral zone.
7:02 of 1st period - Icing by Dougie Hamilton.
7:03 of 1st period - Nic Dowd wins face-off versus Alex Galchenyuk in NORTH DAKOTA HAWKS zone.
7:12 of 1st period - Shot by Brendan Gallagher.
7:12 of 1st period - Shot Hit the Post.
7:14 of 1st period - Shot by Brendan Gallagher.
7:14 of 1st period - Deflect By Nic Dowd.
7:14 of 1st period - Shot Blocked by Jack Johnson.
7:18 of 1st period - Shot by Brendan Gallagher.
7:18 of 1st period - Goal by Brendan Gallagher - UTAH ICE BEARS : 0 - NORTH DAKOTA HAWKS : 1.
7:19 of 1st period - Nic Dowd wins face-off versus Artem Anisimov in neutral zone.
7:55 of 1st period - Shot by Casey Mittelstadt.
7:55 of 1st period - Stopped by Eric Comrie with a rebound.
7:57 of 1st period - Shot by Casey Mittelstadt.
7:57 of 1st period - Shot Blocked by Lukas Radil.
8:14 of 1st period - Rudolfs Balcers is hit by Josh Brown and loses puck.
8:23 of 1st period - Shot by Casey Mittelstadt.
8:23 of 1st period - Shot Blocked by Josh Brown.
8:25 of 1st period - Shot by Dominic Toninato.
8:25 of 1st period - Shot Misses the Net.
9:50 of 1st period - Off-side.
9:51 of 1st period - Alex Galchenyuk wins face-off versus Derek Grant in neutral zone.
9:59 of 1st period - Off-side.
10:00 of 1st period - Ryan Carpenter wins face-off versus Alex Galchenyuk in neutral zone.
10:34 of 1st period - Ryan Carpenter is hit by Dustin Byfuglien and loses puck.
11:32 of 1st period - Shot by Logan Brown.
11:32 of 1st period - Stopped by Ben Bishop with a rebound.
12:19 of 1st period - Shot by Lukas Radil.
12:19 of 1st period - Stopped by Ben Bishop without a rebound.
12:20 of 1st period - Nic Dowd wins face-off versus Artem Anisimov in UTAH ICE BEARS zone.
12:27 of 1st period - Shot by Michael Raffl.
12:27 of 1st period - Shot Blocked by Jack Johnson.
13:17 of 1st period - Icing by Dustin Byfuglien.
13:18 of 1st period - Derek Grant wins face-off versus Alex Galchenyuk in UTAH ICE BEARS zone.
13:45 of 1st period - Shot by Brandon Pirri.
13:45 of 1st period - Shot Blocked by Derek Grant.
13:46 of 1st period - Minor Penalty to Alex Galchenyuk for High sticking.
13:47 of 1st period - Artem Anisimov wins face-off versus Logan Brown in UTAH ICE BEARS zone.
14:17 of 1st period - Shot by Dougie Hamilton.
14:17 of 1st period - Deflect By Corey Perry.
14:17 of 1st period - Stopped by Ben Bishop without a rebound.
14:18 of 1st period - Nic Dowd wins face-off versus Artem Anisimov in UTAH ICE BEARS zone.
14:28 of 1st period - Shot by Brendan Gallagher.
14:28 of 1st period - Shot Misses the Net.
14:30 of 1st period - Shot by Brendan Gallagher.
14:30 of 1st period - Stopped by Ben Bishop with a rebound.
14:40 of 1st period - Shot by Brendan Gallagher.
14:40 of 1st period - Stopped by Ben Bishop without a rebound.
14:41 of 1st period - Brandon Pirri wins face-off versus Logan Brown in UTAH ICE BEARS zone.
14:41 of 1st period - Brandon Pirri is hit by Logan Brown.
15:14 of 1st period - Off-side.
15:15 of 1st period - Nic Dowd wins face-off versus Artem Anisimov in neutral zone.
15:18 of 1st period - Shot by Brendan Gallagher.
15:18 of 1st period - Shot Misses the Net.
16:12 of 1st period - Zack Kassian is hit by Kevin Shattenkirk.
16:59 of 1st period - Shot by Artem Anisimov.
16:59 of 1st period - Shot Blocked by Matthew Nieto.
17:01 of 1st period - Shot by T.J. Brodie.
17:01 of 1st period - Shot Misses the Net.
17:29 of 1st period - Icing by Troy Stecher.
17:30 of 1st period - Derek Grant wins face-off versus Alex Galchenyuk in UTAH ICE BEARS zone.
18:31 of 1st period - Shot by Nic Dowd.
18:31 of 1st period - Deflect By Michael Raffl.
18:31 of 1st period - Stopped by Ben Bishop with a rebound.
18:35 of 1st period - Shot by Ryan Carpenter.
18:35 of 1st period - Stopped by Ben Bishop without a rebound.
18:36 of 1st period - Phil Varone wins face-off versus Artem Anisimov in UTAH ICE BEARS zone.
18:38 of 1st period - Zack Kassian is hit by Jack Johnson and loses puck.
18:53 of 1st period - Shot by Zack Kassian.
18:53 of 1st period - Shot Misses the Net.
18:55 of 1st period - Shot by Dougie Hamilton.
18:55 of 1st period - Goal by Dougie Hamilton - UTAH ICE BEARS : 0 - NORTH DAKOTA HAWKS : 2.
18:56 of 1st period - Nic Dowd wins face-off versus Casey Mittelstadt in neutral zone.
19:05 of 1st period - Shot by Ryan Carpenter.
19:05 of 1st period - Stopped by Ben Bishop without a rebound.
19:06 of 1st period - Artem Anisimov wins face-off versus Derek Grant in UTAH ICE BEARS zone.
19:06 of 1st period - Artem Anisimov is hit by Kenny Agostino.
19:13 of 1st period - Minor Penalty to Kenny Agostino for Hooking.
19:14 of 1st period - Derek Grant wins face-off versus Alex Galchenyuk in NORTH DAKOTA HAWKS zone.
19:14 of 1st period - Derek Grant is hit by Alex Galchenyuk.
19:25 of 1st period - Icing by Mats Zuccarello.
19:26 of 1st period - Derek Grant wins face-off versus Alex Galchenyuk in UTAH ICE BEARS zone.
19:51 of 1st period - Shot by Dustin Byfuglien.
19:51 of 1st period - Stopped by Eric Comrie with a rebound.
19:53 of 1st period - Shot by Jake Guentzel.
19:53 of 1st period - Shot Misses the Net.
19:55 of 1st period - Shot by Mats Zuccarello.
19:55 of 1st period - Stopped by Eric Comrie without a rebound.
19:56 of 1st period - Artem Anisimov wins face-off versus Nic Dowd in NORTH DAKOTA HAWKS zone.
Goals for this period are 0 for UTAH ICE BEARS vs 2 for NORTH DAKOTA HAWKS.
Shots for this period are 5 for UTAH ICE BEARS vs 12 for NORTH DAKOTA HAWKS.

2nd period


0:01 of 2nd period - Alex Galchenyuk wins face-off versus Derek Grant in neutral zone.
0:20 of 2nd period - Icing by Jake Guentzel.
0:21 of 2nd period - Alex Galchenyuk wins face-off versus Derek Grant in UTAH ICE BEARS zone.
0:40 of 2nd period - Shot by Dustin Byfuglien.
0:40 of 2nd period - Stopped by Eric Comrie with a rebound.
0:42 of 2nd period - Shot by Jake Guentzel.
0:42 of 2nd period - Stopped by Eric Comrie with a rebound.
0:44 of 2nd period - Shot by Dustin Byfuglien.
0:44 of 2nd period - Shot Blocked by Marc Staal.
1:32 of 2nd period - Shot by Matthew Nieto.
1:32 of 2nd period - Shot Misses the Net.
1:34 of 2nd period - Shot by Josh Brown.
1:34 of 2nd period - Stopped by Ben Bishop without a rebound.
1:35 of 2nd period - Phil Varone wins face-off versus Jake Guentzel in UTAH ICE BEARS zone.
1:36 of 2nd period - Shot by Lukas Radil.
1:36 of 2nd period - Deflect By Zack Kassian.
1:36 of 2nd period - Stopped by Ben Bishop with a rebound.
1:38 of 2nd period - Shot by Lukas Radil.
1:38 of 2nd period - Shot Misses the Net.
1:40 of 2nd period - Shot by Zack Kassian.
1:40 of 2nd period - Stopped by Ben Bishop without a rebound.
1:41 of 2nd period - Phil Varone wins face-off versus Alex Galchenyuk in UTAH ICE BEARS zone.
1:43 of 2nd period - Minor Penalty to Zack Kassian for Hooking.
1:44 of 2nd period - Artem Anisimov wins face-off versus Nic Dowd in NORTH DAKOTA HAWKS zone.
3:13 of 2nd period - Shot by Mats Zuccarello.
3:13 of 2nd period - Deflect By Jake Guentzel.
3:13 of 2nd period - Shot Misses the Net.
3:15 of 2nd period - Shot by Jake Guentzel.
3:15 of 2nd period - Shot Misses the Net.
3:17 of 2nd period - Shot by Dustin Byfuglien.
3:17 of 2nd period - Stopped by Eric Comrie without a rebound.
3:18 of 2nd period - Derek Grant wins face-off versus Alex Galchenyuk in NORTH DAKOTA HAWKS zone.
3:31 of 2nd period - Shot by Jake Guentzel.
3:31 of 2nd period - Stopped by Eric Comrie without a rebound.
3:32 of 2nd period - Derek Grant wins face-off versus Artem Anisimov in NORTH DAKOTA HAWKS zone.
3:50 of 2nd period - Rudolfs Balcers is hit by Josh Brown and loses puck.
4:12 of 2nd period - Casey Mittelstadt is hit by Quinton Hughes and loses puck.
4:39 of 2nd period - Shot by Jake Guentzel.
4:39 of 2nd period - Stopped by Eric Comrie with a rebound.
4:41 of 2nd period - Shot by MacKenzie Weegar.
4:41 of 2nd period - Shot Misses the Net.
4:51 of 2nd period - Shot by Jake Guentzel.
4:51 of 2nd period - Shot Misses the Net.
5:03 of 2nd period - Shot by Jake Guentzel.
5:03 of 2nd period - Shot Misses the Net.
5:29 of 2nd period - Shot by Zach Hyman.
5:29 of 2nd period - Stopped by Eric Comrie with a rebound.
5:35 of 2nd period - Shot by Zach Hyman.
5:35 of 2nd period - Stopped by Eric Comrie without a rebound.
5:36 of 2nd period - Nic Dowd wins face-off versus Artem Anisimov in NORTH DAKOTA HAWKS zone.
5:36 of 2nd period - Nic Dowd is hit by Artem Anisimov.
7:01 of 2nd period - Brendan Gallagher is hit by Alex Galchenyuk and loses puck.
7:05 of 2nd period - Minor Penalty to Quinton Hughes for Interference.
7:06 of 2nd period - Zach Hyman wins face-off versus Nic Dowd in NORTH DAKOTA HAWKS zone.
7:52 of 2nd period - Shot by Jake Guentzel.
7:52 of 2nd period - Shot Misses the Net.
8:30 of 2nd period - Troy Stecher is hit by Michael Raffl and loses puck.
9:01 of 2nd period - Shot by Jake Guentzel.
9:01 of 2nd period - Stopped by Eric Comrie without a rebound.
9:02 of 2nd period - Alex Galchenyuk wins face-off versus Derek Grant in NORTH DAKOTA HAWKS zone.
9:31 of 2nd period - Shot by Casey Mittelstadt.
9:31 of 2nd period - Deflect By Rudolfs Balcers.
9:31 of 2nd period - Stopped by Eric Comrie without a rebound.
9:32 of 2nd period - Derek Grant wins face-off versus Jake Guentzel in NORTH DAKOTA HAWKS zone.
9:48 of 2nd period - Shot by Andrew Mangiapane.
9:48 of 2nd period - Shot Blocked by Johnny Boychuk.
9:54 of 2nd period - Shot by Jake Guentzel.
9:54 of 2nd period - Shot Misses the Net.
10:06 of 2nd period - Shot by Jake Guentzel.
10:06 of 2nd period - Deflect By Andrew Mangiapane.
10:06 of 2nd period - Shot Misses the Net.
10:08 of 2nd period - Shot by Jake Guentzel.
10:08 of 2nd period - Stopped by Eric Comrie without a rebound.
10:09 of 2nd period - Alex Galchenyuk wins face-off versus Corey Perry in NORTH DAKOTA HAWKS zone.
10:14 of 2nd period - Shot by Zach Hyman.
10:14 of 2nd period - Shot Misses the Net.
10:46 of 2nd period - Shot by Alex Galchenyuk.
10:46 of 2nd period - Deflect By Zach Hyman.
10:46 of 2nd period - Shot Blocked by Marc Staal.
11:23 of 2nd period - Dustin Byfuglien is hit by Josh Brown and loses puck.
12:26 of 2nd period - Shot by Brendan Gallagher.
12:26 of 2nd period - Stopped by Ben Bishop without a rebound.
12:27 of 2nd period - Phil Varone wins face-off versus Jake Guentzel in UTAH ICE BEARS zone.
12:46 of 2nd period - Shot by Lukas Radil.
12:46 of 2nd period - Stopped by Ben Bishop with a rebound.
13:22 of 2nd period - Icing by Troy Stecher.
13:23 of 2nd period - Derek Grant wins face-off versus Alex Galchenyuk in UTAH ICE BEARS zone.
13:49 of 2nd period - Icing by Johnny Boychuk.
13:50 of 2nd period - Derek Grant wins face-off versus Casey Mittelstadt in NORTH DAKOTA HAWKS zone.
14:03 of 2nd period - Shot by Brendan Gallagher.
14:03 of 2nd period - Stopped by Ben Bishop without a rebound.
14:04 of 2nd period - Nic Dowd wins face-off versus Artem Anisimov in UTAH ICE BEARS zone.
14:13 of 2nd period - Shot by Nic Dowd.
14:13 of 2nd period - Shot Blocked by T.J. Brodie.
14:22 of 2nd period - Icing by T.J. Brodie.
14:23 of 2nd period - Artem Anisimov wins face-off versus Logan Brown in UTAH ICE BEARS zone.
14:23 of 2nd period - Artem Anisimov is hit by Logan Brown.
14:33 of 2nd period - Shot by Mats Zuccarello.
14:33 of 2nd period - Stopped by Eric Comrie without a rebound.
14:34 of 2nd period - Derek Grant wins face-off versus Alex Galchenyuk in NORTH DAKOTA HAWKS zone.
14:47 of 2nd period - Shot by Dustin Byfuglien.
14:47 of 2nd period - Goal by Dustin Byfuglien - UTAH ICE BEARS : 1 - NORTH DAKOTA HAWKS : 2.
14:48 of 2nd period - Ryan Carpenter wins face-off versus Artem Anisimov in neutral zone.
14:51 of 2nd period - Shot by Ryan Carpenter.
14:51 of 2nd period - Shot Misses the Net.
14:53 of 2nd period - Shot by Ryan Carpenter.
14:53 of 2nd period - Deflect By Nic Dowd.
14:53 of 2nd period - Stopped by Ben Bishop with a rebound.
14:55 of 2nd period - Shot by Marc Staal.
14:55 of 2nd period - Stopped by Ben Bishop without a rebound.
14:56 of 2nd period - Derek Grant wins face-off versus Artem Anisimov in UTAH ICE BEARS zone.
14:56 of 2nd period - Kenny Agostino is hit by Dustin Byfuglien.
14:59 of 2nd period - Brendan Gallagher is hit by Kevin Shattenkirk and loses puck.
15:13 of 2nd period - Shot by Jake Guentzel.
15:13 of 2nd period - Stopped by Eric Comrie with a rebound.
15:17 of 2nd period - Shot by Jake Guentzel.
15:17 of 2nd period - Shot Misses the Net.
15:19 of 2nd period - Shot by Mats Zuccarello.
15:19 of 2nd period - Shot Blocked by Dougie Hamilton.
15:21 of 2nd period - Shot by Jake Guentzel.
15:21 of 2nd period - Stopped by Eric Comrie without a rebound.
15:22 of 2nd period - Corey Perry wins face-off versus Alex Galchenyuk in NORTH DAKOTA HAWKS zone.
15:41 of 2nd period - Shot by Matthew Nieto.
15:41 of 2nd period - Stopped by Ben Bishop without a rebound.
15:42 of 2nd period - Nic Dowd wins face-off versus Mats Zuccarello in UTAH ICE BEARS zone.
15:48 of 2nd period - Nic Dowd is hit by Dustin Byfuglien and loses puck.
16:48 of 2nd period - Brendan Gallagher is hit by Jack Johnson and loses puck.
17:17 of 2nd period - Shot by Brandon Pirri.
17:17 of 2nd period - Stopped by Eric Comrie with a rebound.
17:25 of 2nd period - Shot by Matthew Nieto.
17:25 of 2nd period - Stopped by Ben Bishop without a rebound.
17:26 of 2nd period - Casey Mittelstadt wins face-off versus Phil Varone in UTAH ICE BEARS zone.
17:26 of 2nd period - Casey Mittelstadt is hit by Zack Kassian.
17:31 of 2nd period - Rudolfs Balcers is hit by Dougie Hamilton and loses puck.
17:58 of 2nd period - Shot by Dougie Hamilton.
17:58 of 2nd period - Stopped by Ben Bishop without a rebound.
17:59 of 2nd period - Artem Anisimov wins face-off versus Logan Brown in UTAH ICE BEARS zone.
18:04 of 2nd period - Shot by Logan Brown.
18:04 of 2nd period - Stopped by Ben Bishop without a rebound.
18:05 of 2nd period - Artem Anisimov wins face-off versus Logan Brown in UTAH ICE BEARS zone.
18:17 of 2nd period - Minor Penalty to Brenden Dillon for Interference.
18:18 of 2nd period - Derek Grant wins face-off versus Alex Galchenyuk in NORTH DAKOTA HAWKS zone.
19:25 of 2nd period - Shot by Kevin Shattenkirk.
19:25 of 2nd period - Shot Blocked by Johnny Boychuk.
19:27 of 2nd period - Shot by Troy Stecher.
19:27 of 2nd period - Deflect By Artem Anisimov.
19:27 of 2nd period - Shot Misses the Net.
19:47 of 2nd period - Marc Staal is hit by Zach Hyman and loses puck.
Goals for this period are 1 for UTAH ICE BEARS vs 0 for NORTH DAKOTA HAWKS.
Shots for this period are 15 for UTAH ICE BEARS vs 12 for NORTH DAKOTA HAWKS.

3rd period


0:01 of 3rd period - Derek Grant wins face-off versus Alex Galchenyuk in neutral zone.
0:04 of 3rd period - Dustin Byfuglien is hit by Derek Grant.
0:18 of 3rd period - Shot by Alex Galchenyuk.
0:18 of 3rd period - Stopped by Eric Comrie with a rebound.
0:26 of 3rd period - Shot by Matthew Nieto.
0:26 of 3rd period - Stopped by Ben Bishop without a rebound.
0:27 of 3rd period - Artem Anisimov wins face-off versus Phil Varone in UTAH ICE BEARS zone.
0:29 of 3rd period - Icing by Jake Guentzel.
0:30 of 3rd period - Derek Grant wins face-off versus Artem Anisimov in UTAH ICE BEARS zone.
0:30 of 3rd period - Minor Penalty to Dustin Byfuglien for Hooking.
0:31 of 3rd period - Artem Anisimov wins face-off versus Nic Dowd in UTAH ICE BEARS zone.
0:42 of 3rd period - Shot by Brendan Gallagher.
0:42 of 3rd period - Deflect By Nic Dowd.
0:42 of 3rd period - Shot Misses the Net.
0:46 of 3rd period - Shot by Brendan Gallagher.
0:46 of 3rd period - Stopped by Ben Bishop without a rebound.
0:47 of 3rd period - Logan Brown wins face-off versus Artem Anisimov in UTAH ICE BEARS zone.
1:04 of 3rd period - Shot by Corey Perry.
1:04 of 3rd period - Stopped by Ben Bishop without a rebound.
1:05 of 3rd period - Nic Dowd wins face-off versus Artem Anisimov in UTAH ICE BEARS zone.
1:10 of 3rd period - Shot by Brendan Gallagher.
1:10 of 3rd period - Stopped by Ben Bishop without a rebound.
1:11 of 3rd period - Artem Anisimov wins face-off versus Nic Dowd in UTAH ICE BEARS zone.
1:42 of 3rd period - Jack Johnson is hit by Nic Dowd and loses puck.
1:49 of 3rd period - Shot by Brendan Gallagher.
1:49 of 3rd period - Shot Misses the Net.
1:51 of 3rd period - Shot by Nic Dowd.
1:51 of 3rd period - Stopped by Ben Bishop without a rebound.
1:52 of 3rd period - Logan Brown wins face-off versus Artem Anisimov in UTAH ICE BEARS zone.
1:57 of 3rd period - Shot by Brenden Dillon.
1:57 of 3rd period - Shot Misses the Net.
2:19 of 3rd period - Shot by Corey Perry.
2:19 of 3rd period - Stopped by Ben Bishop with a rebound.
2:25 of 3rd period - Shot by Matthew Nieto.
2:25 of 3rd period - Shot Misses the Net.
2:34 of 3rd period - Off-side.
2:35 of 3rd period - Derek Grant wins face-off versus Casey Mittelstadt in neutral zone.
2:35 of 3rd period - Brendan Gallagher is hit by Dominic Toninato and loses puck.
2:52 of 3rd period - Shot by Kenny Agostino.
2:52 of 3rd period - Stopped by Ben Bishop without a rebound.
2:53 of 3rd period - Nic Dowd wins face-off versus Artem Anisimov in UTAH ICE BEARS zone.
2:54 of 3rd period - Shot by Ryan Carpenter.
2:54 of 3rd period - Stopped by Ben Bishop with a rebound.
3:02 of 3rd period - Shot by Ryan Carpenter.
3:02 of 3rd period - Shot Misses the Net.
3:22 of 3rd period - Shot by Nic Dowd.
3:22 of 3rd period - Stopped by Ben Bishop with a rebound.
3:27 of 3rd period - Ryan Carpenter is hit by Jack Johnson.
3:28 of 3rd period - Ryan Carpenter from NORTH DAKOTA HAWKS is injured at 3:28 of 3rd period (Bruised Right Shoulder).
3:29 of 3rd period - Alex Galchenyuk wins face-off versus Derek Grant in UTAH ICE BEARS zone.
4:10 of 3rd period - Derek Grant is hit by Kevin Shattenkirk and loses puck.
4:18 of 3rd period - Icing by Brandon Pirri.
4:19 of 3rd period - Alex Galchenyuk wins face-off versus Logan Brown in UTAH ICE BEARS zone.
4:19 of 3rd period - Zach Hyman is hit by Logan Brown and loses puck.
4:40 of 3rd period - Shot by Jake Guentzel.
4:40 of 3rd period - Shot Misses the Net.
5:01 of 3rd period - Shot by Mats Zuccarello.
5:01 of 3rd period - Stopped by Eric Comrie with a rebound.
5:03 of 3rd period - Shot by Mats Zuccarello.
5:03 of 3rd period - Stopped by Eric Comrie with a rebound.
5:17 of 3rd period - Mats Zuccarello is hit by Josh Brown and loses puck.
5:39 of 3rd period - Off-side.
5:40 of 3rd period - Kenny Agostino wins face-off versus Jake Guentzel in neutral zone.
6:21 of 3rd period - Icing by Jack Johnson.
6:22 of 3rd period - Jake Guentzel wins face-off versus Phil Varone in UTAH ICE BEARS zone.
7:09 of 3rd period - Shot by Zach Hyman.
7:09 of 3rd period - Shot Misses the Net.
7:36 of 3rd period - Johnny Boychuk is hit by Dominic Toninato and loses puck.
7:58 of 3rd period - Icing by Brenden Dillon.
7:59 of 3rd period - Artem Anisimov wins face-off versus Phil Varone in NORTH DAKOTA HAWKS zone.
8:29 of 3rd period - Shot by Kenny Agostino.
8:29 of 3rd period - Stopped by Ben Bishop without a rebound.
8:30 of 3rd period - Nic Dowd wins face-off versus Alex Galchenyuk in UTAH ICE BEARS zone.
8:47 of 3rd period - Josh Brown is hit by Alex Galchenyuk and loses puck.
9:23 of 3rd period - Off-side.
9:24 of 3rd period - Derek Grant wins face-off versus Artem Anisimov in neutral zone.
9:36 of 3rd period - Icing by Marc Staal.
9:37 of 3rd period - Casey Mittelstadt wins face-off versus Derek Grant in NORTH DAKOTA HAWKS zone.
9:48 of 3rd period - Shot by Kenny Agostino.
9:48 of 3rd period - Shot Misses the Net.
9:50 of 3rd period - Shot by Marc Staal.
9:50 of 3rd period - Shot Misses the Net.
10:38 of 3rd period - Shot by Logan Brown.
10:38 of 3rd period - Goal by Logan Brown - UTAH ICE BEARS : 1 - NORTH DAKOTA HAWKS : 3.
10:39 of 3rd period - Artem Anisimov wins face-off versus Nic Dowd in neutral zone.
10:45 of 3rd period - Icing by Johnny Boychuk.
10:46 of 3rd period - Nic Dowd wins face-off versus Artem Anisimov in NORTH DAKOTA HAWKS zone.
10:58 of 3rd period - Off-side.
10:59 of 3rd period - Logan Brown wins face-off versus Zach Hyman in neutral zone.
11:23 of 3rd period - Shot by Alex Galchenyuk.
11:23 of 3rd period - Shot Misses the Net.
11:25 of 3rd period - Shot by Zach Hyman.
11:25 of 3rd period - Stopped by Eric Comrie without a rebound.
11:26 of 3rd period - Artem Anisimov wins face-off versus Matthew Nieto in NORTH DAKOTA HAWKS zone.
11:35 of 3rd period - Shot by Jake Guentzel.
11:35 of 3rd period - Shot Misses the Net.
12:34 of 3rd period - Icing by Marc Staal.
12:35 of 3rd period - Derek Grant wins face-off versus Casey Mittelstadt in NORTH DAKOTA HAWKS zone.
12:35 of 3rd period - Derek Grant is hit by Dominic Toninato.
12:42 of 3rd period - Brendan Gallagher is hit by Dominic Toninato and loses puck.
12:53 of 3rd period - Brendan Gallagher is hit by MacKenzie Weegar and loses puck.
13:20 of 3rd period - Shot by Lukas Radil.
13:20 of 3rd period - Shot Blocked by Troy Stecher.
13:22 of 3rd period - Shot by Lukas Radil.
13:22 of 3rd period - Stopped by Ben Bishop without a rebound.
13:23 of 3rd period - Artem Anisimov wins face-off versus Nic Dowd in UTAH ICE BEARS zone.
13:41 of 3rd period - Mats Zuccarello is hit by Brenden Dillon and loses puck.
13:44 of 3rd period - Shot by Jake Guentzel.
13:44 of 3rd period - Shot Misses the Net.
13:46 of 3rd period - Shot by Mats Zuccarello.
13:46 of 3rd period - Shot Blocked by Nic Dowd.
13:48 of 3rd period - Shot by Jake Guentzel.
13:48 of 3rd period - Stopped by Eric Comrie with a rebound.
13:50 of 3rd period - Shot by Jake Guentzel.
13:50 of 3rd period - Stopped by Eric Comrie without a rebound.
13:51 of 3rd period - Phil Varone wins face-off versus Alex Galchenyuk in NORTH DAKOTA HAWKS zone.
13:51 of 3rd period - Zack Kassian is hit by Zach Hyman.
14:00 of 3rd period - Phil Varone is hit by Dustin Byfuglien and loses puck.
14:33 of 3rd period - Shot by Zach Hyman.
14:33 of 3rd period - Shot Misses the Net.
14:45 of 3rd period - Shot by Mats Zuccarello.
14:45 of 3rd period - Stopped by Eric Comrie with a rebound.
14:48 of 3rd period - Icing by Josh Brown.
14:49 of 3rd period - Artem Anisimov wins face-off versus Phil Varone in NORTH DAKOTA HAWKS zone.
14:50 of 3rd period - Shot by Mats Zuccarello.
14:50 of 3rd period - Deflect By Jake Guentzel.
14:50 of 3rd period - Shot Misses the Net.
14:52 of 3rd period - Shot by Mats Zuccarello.
14:52 of 3rd period - Shot Misses the Net.
14:54 of 3rd period - Shot by T.J. Brodie.
14:54 of 3rd period - Stopped by Eric Comrie without a rebound.
14:55 of 3rd period - Artem Anisimov wins face-off versus Logan Brown in NORTH DAKOTA HAWKS zone.
14:56 of 3rd period - Shot by Jake Guentzel.
14:56 of 3rd period - Shot Misses the Net.
15:11 of 3rd period - Minor Penalty to Dougie Hamilton for Holding.
15:12 of 3rd period - Derek Grant wins face-off versus Alex Galchenyuk in NORTH DAKOTA HAWKS zone.
16:41 of 3rd period - Shot by Artem Anisimov.
16:41 of 3rd period - Shot Misses the Net.
16:59 of 3rd period - Shot by Jake Guentzel.
16:59 of 3rd period - Shot Misses the Net.
17:01 of 3rd period - Shot by Mats Zuccarello.
17:01 of 3rd period - Shot Blocked by Quinton Hughes.
17:03 of 3rd period - Shot by T.J. Brodie.
17:03 of 3rd period - Stopped by Eric Comrie without a rebound.
17:04 of 3rd period - Artem Anisimov wins face-off versus Nic Dowd in NORTH DAKOTA HAWKS zone.
17:10 of 3rd period - Zach Hyman is hit by Josh Brown and loses puck.
17:30 of 3rd period - Shot by Corey Perry.
17:30 of 3rd period - Shot Misses the Net.
17:35 of 3rd period - Matthew Nieto is hit by MacKenzie Weegar and loses puck.
17:46 of 3rd period - Shot by Matthew Nieto.
17:46 of 3rd period - Shot Misses the Net.
18:09 of 3rd period - Lukas Radil is hit by Dustin Byfuglien and loses puck.
18:38 of 3rd period - Shot by Jake Guentzel.
18:38 of 3rd period - Stopped by Eric Comrie with a rebound.
19:21 of 3rd period - Shot by Brandon Pirri.
19:21 of 3rd period - Shot Misses the Net.
19:27 of 3rd period - Shot by Zach Hyman.
19:27 of 3rd period - Shot Misses the Net.
Goals for this period are 0 for UTAH ICE BEARS vs 1 for NORTH DAKOTA HAWKS.
Shots for this period are 10 for UTAH ICE BEARS vs 12 for NORTH DAKOTA HAWKS.


DAVID
PERRON
DREW
DOUGHTY
STEVEN
STAMKOS